 Dungeon Crawl Stone Soup version 0.22-a0-533-g4d20840 (webtiles) character file.

47 n0claF the Slasher (level 3, -4/30 HPs)
             Began as a Minotaur Gladiator on June 22, 2018.
             Slain by a worm (10 damage)
             ... on level 3 of the Dungeon on June 24, 2018.
             The game lasted 00:03:03 (770 turns).

n0claF the Slasher (Minotaur Gladiator)              Turns: 770, Time: 00:03:03

Health: -4/30      AC:  3    Str: 18    XL:     3   Next: 48%
Magic:  2/2        EV: 13    Int:  6    God:
Gold:   60         SH:  0    Dex: 11    Spells: 2/2 levels left

rFire    . . .     SeeInvis .   a - +0 long sword
rCold    . . .     Gourm    .   (no shield)
rNeg     . . .     Faith    .   b - +0 leather armour
rPois    .         Spirit   .   c - +0 hat
rElec    .         Reflect  .   (no cloak)
rCorr    .         Harm     .   (no gloves)
MR       .....                  (no boots)
Stlth    +.........             (no amulet)
HPRegen  0.10/turn              (no ring)
MPRegen  0.08/turn              (no ring)

@: no status effects
A: retaliatory headbutt, horns 2
a: no special abilities


You were on level 3 of the Dungeon.
You were not hungry.

You visited 1 branch of the dungeon, and saw 3 of its levels.

You collected 60 gold pieces.

Inventory:

Hand Weapons
 a - a +0 long sword (weapon)
Missiles
 d - 3 throwing nets (quivered) {!f}
Armour
 b - a +0 leather armour (worn)
 c - a +0 hat (worn)
Jewellery
 g - an uncursed ring of protection from cold {unknown}
   (You found it on level 1 of the Dungeon)
 i - an uncursed ring of wizardry {unknown}
   (You found it on level 1 of the Dungeon)
Scrolls
 j - 2 scrolls of fear {unknown}
 k - a scroll of teleportation {unknown}
Potions
 e - a potion of lignification {unknown}
 l - a potion of flight {unknown}
Comestibles
 f - a ration {!d}
 h - 3 chunks of flesh


   Skills:
 + Level 2.6 Fighting
 + Level 4.5 Long Blades
 + Level 2.1 Throwing
 + Level 1.0 Armour
 + Level 3.9 Dodging


You had 2 spell levels left.
You didn't know any spells.
Your spell library was empty.

Dungeon Overview and Level Annotations

Branches:
Dungeon (3/15)

Altars:


Innate Abilities, Weirdness & Mutations

You reflexively headbutt those who attack you in melee.
You have a pair of horns on your head.


Message History

The kobold barely misses you. The kobold completely misses you.
The kobold closely misses you.
You riposte.
You hit the kobold.
You kill the kobold!
The frilled lizard bites you but does no damage.
The frilled lizard closely misses you. You furiously retaliate!
You headbutt the frilled lizard.
You kill the frilled lizard!
Things that are here:
a frilled lizard corpse; a bat corpse
Found a hunting sling.
You butcher the frilled lizard corpse.
h - 2 chunks of flesh (gained 1)
You butcher the bat corpse.
h - 3 chunks of flesh (gained 1)
You see here a frilled lizard skeleton. x2
You now have 52 gold pieces (gained 7).
You see here a short sword.
You see here a frilled lizard skeleton.
You see here a club.
Found 8 gold pieces.
You now have 60 gold pieces (gained 8).
Found 18 stones.
You see here 18 stones.
Found an escape hatch in the floor and an escape hatch in the ceiling.
There is an escape hatch in the floor here.
Really go through this one-way escape hatch?
You slide downwards.
The hatch slams shut behind you.
A leopard gecko and a worm come into view.
The leopard gecko hisses angrily.
Found 4 gold pieces.
Found a stone staircase leading up.
Unknown command.
The leopard gecko hisses menacingly.
The worm completely misses you. The worm bites you!
* * * LOW HITPOINT WARNING * * *
The leopard gecko bites you but does no damage.
The leopard gecko barely misses you. You furiously retaliate!
You headbutt the leopard gecko.
You kill the leopard gecko!
The worm misses you.
You riposte.
You barely miss the worm. The worm barely misses you. The worm bites you.
* * * LOW HITPOINT WARNING * * *
The worm bites you.
* * * LOW HITPOINT WARNING * * *
The worm bites you!
Incompatible bones file: /crawl-master/crawl-git/saves/bones/bones.store.D-3 Clearing bad ghost permastore: /crawl-master/crawl-git/saves/bones/bones.store.D-3 You die...

.#.#
####.#.##
##.......#
........#
###.<.....#.
...........
#.......#
#.@.$...#
#..w....#
####.#### .#
#


You could see a worm.

Vanquished Creatures
  An ooze (D:1)
  4 dart slugs
  2 leopard geckos
  A giant cockroach (D:1)
  A goblin (D:1)
  4 jackals (D:1)
  6 kobolds
  A quokka (D:2)
  A ball python (D:1)
  6 bats
  4 frilled lizards
  A rat (D:1)
32 creatures vanquished.

Notes
Turn   | Place    | Note
-------+----------+-------------------------------------------
     0 | D:1      | n0claF the Minotaur Gladiator began the quest for the Orb.
     0 | D:1      | Reached XP level 1. HP: 18/18 MP: 0/0
   150 | D:1      | Reached skill level 4 in Long Blades
   194 | D:1      | Reached XP level 2. HP: 10/25 MP: 1/1
   316 | D:1      | Reached XP level 3. HP: 14/30 MP: 2/2
   492 | D:2      | Reached skill level 1 in Armour
   770 | D:3      | Slain by a worm

Vault maps used:
D:1:      grunt_arrival_lava_bath
D:2:      kb_forest_paths
D:3:      tgw_fedhas

Skill      XL: |  1  2  3 |
---------------+----------+-----
Long Blades    | 4 |  4.5
Armour         | 1 |  1.0
Fighting       | |  2.6
Throwing       | |  2.1
Dodging        | |  3.9

Action                   || total
-------------------------++-------
Melee: Headbutt          ||     6
       Long sword        ||     2
Armor: Leather armour    ||    43
Dodge: Dodged            ||   137
       Rpst.: Long sword ||    35

Table legend:
 A = Spawn XP
 B = Non-spawn XP
 C = Spawn XP percentage of total XP
 D = Spawn monster count
 E = Non-spawn monster count
 F = Spawn count percentage of total count
 G = Total turns spent on level
                    A         B        C        D         E        F      G
               +---------+---------+-------+---------+---------+-------+---------
         Total |       0 |      68 |   0.0 |       0 |      32 |   0.0 |   770
               +---------+---------+-------+---------+---------+-------+---------
           D:1 |       0 |      51 |   0.0 |       0 |      23 |   0.0 |   371
           D:2 |       0 |      14 |   0.0 |       0 |       8 |   0.0 |   385
           D:3 |       0 |       3 |   0.0 |       0 |       1 |   0.0 |    14
               +---------+---------+-------+---------+---------+-------+---------
